[Event "European Union U14-ch 2024"]
[Site "Roznov pod Radhostem"]
[Date "2024.08.08"]
[Round "4.2"]
[White "Belocky, Daniel"]
[Black "Michalska, Lena"]
[Result "0-1"]
[ECO "D30"]
[WhiteElo "1731"]
[BlackElo "1837"]
[Annotator "NA RC"]
[PlyCount "98"]
[EventDate "2024.08.02"]
[EventType "swiss"]
[EventCountry "CZE"]
[SourceTitle "playchess.com"]
[Source "ChessBase"]
[SourceQuality "1"]
[TimeControl "5400+30"]

1. d4 d5 2. c4 e6 3. g3 Nf6 4. Nf3 b6 5. Bg2 Bb7 6. O-O Nbd7 7. Qc2 c5 8. Nbd2 (8. cxd5 {was preferrable.} Nxd5 9. Nc3) 8... Be7 9. b3 O-O 10. Bb2 dxc4 11. Nxc4 Rc8 12. Qd1 Qc7 13. Rc1 Rfd8 14. e3 $11 Qb8 15. Qe2 Qa8 16. Nh4 Ne4 17. Nf3 Ng5 18. Ncd2 Bf6 19. h4 Nxf3+ 20. Bxf3 cxd4 21. Bxd4 Bxd4 22. exd4 Nf6 23. Bxb7 Qxb7 24. Nf3 Rc7 25. Rxc7 Qxc7 26. Qe5 Qc2 27. Qb5 Qxa2 28. Rc1 Ne4 29. Rf1 Nd2 30. Nxd2 Qxd2 31. Qa6 Qxd4 32. Qxa7 g6 33. Qc7 Rd5 34. Rc1 Rc5 35. Rxc5 Qxc5 36. Qd8+ Kg7 37. Qd3 h5 38. Kg2 Qd5+ 39. Qxd5 exd5 40. Kf3 Kf6 41. Ke3 Ke5 42. f3 d4+ 43. Kd3 Kd5 44. b4 f5 45. b5 Kc5 46. f4 Kd5 47. Ke2 Kc4 48. Kd2 Kxb5 49. Kd3 Kc5 0-1

[Event "European Union U14-ch 2024"]
[Site "Roznov pod Radhostem"]
[Date "2024.08.08"]
[Round "4.3"]
[White "Kincses, Emma"]
[Black "Boros, David"]
[Result "0-1"]
[ECO "A05"]
[WhiteElo "1618"]
[BlackElo "1796"]
[Annotator "NA RC"]
[PlyCount "116"]
[EventDate "2024.08.02"]
[EventType "swiss"]
[EventCountry "CZE"]
[SourceTitle "playchess.com"]
[Source "ChessBase"]
[SourceQuality "1"]
[TimeControl "5400+30"]

1. Nf3 Nf6 2. g3 d5 3. d4 b6 4. Bg2 Bb7 5. O-O e6 6. b3 Nbd7 7. Bb2 Bd6 8. Nbd2 O-O 9. c4 c5 10. e3 Rc8 11. Rc1 Qe7 12. Re1 Rfd8 13. Ne5 cxd4 14. exd4 Bb4 15. Re2 Bxd2 16. Qxd2 Nxe5 17. Rxe5 dxc4 18. bxc4 Bxg2 19. Kxg2 Qb7+ 20. Kg1 Qa6 21. c5 Qxa2 22. Ra1 Qc4 23. Rxa7 bxc5 24. d5 Rxd5 25. Rxd5 Qxd5 26. Qf4 Qd8 27. h4 c4 28. Bc3 Qb6 29. Re7 Qb1+ 30. Kh2 Qe4 31. Qg5 Qg6 32. Qb5 Qd3 33. Qb2 Nd5 34. Rb7 Nxc3 35. Rb8 Qd8 36. Rxc8 Qxc8 37. Qxc3 h6 38. Kg2 Qc5 39. Qb2 c3 40. Qc2 Qd5+ 41. Kf1 Qd2 42. Qxd2 cxd2 43. Ke2 f5 44. Kxd2 Kf7 45. Ke3 e5 46. Kf3 h5 47. Ke3 Ke6 48. Kf3 Kd5 49. Ke3 Kc4 50. Ke2 Kc3 51. Ke3 Kc4 52. Ke2 Kd4 53. Kd2 Ke4 54. Ke2 g6 55. f3+ Kd4 56. Kf2 Kd3 57. f4 e4 58. Ke1 Ke3 0-1

[Event "European Union U14-ch 2024"]
[Site "Roznov pod Radhostem"]
[Date "2024.08.08"]
[Round "4.4"]
[White "Bartova, Hana"]
[Black "Stara, Zuzana"]
[Result "0-1"]
[ECO "B13"]
[WhiteElo "1796"]
[BlackElo "2005"]
[Annotator "NA RC"]
[PlyCount "82"]
[EventDate "2024.08.02"]
[EventType "swiss"]
[EventCountry "CZE"]
[SourceTitle "playchess.com"]
[Source "ChessBase"]
[SourceQuality "1"]
[TimeControl "5400+30"]

1. e4 c6 2. d4 d5 3. exd5 cxd5 4. c4 e6 5. Nf3 Nc6 6. Nc3 Bb4 7. Bd3 dxc4 8. Bxc4 Nf6 9. O-O h6 10. a3 Bxc3 11. bxc3 a6 (11... O-O $14) 12. Bb3 ({White should play} 12. a4 $16) 12... b5 $16 (12... b6 $14) 13. Qd3 O-O 14. Bc2 Ne7 15. Ne5 Bb7 16. g4 Be4 17. Qe2 Bxc2 18. Qxc2 Rc8 19. Be3 Ned5 20. Bd2 Nxc3 21. Bxc3 Nd5 22. Rac1 Rxc3 23. Qb2 Rxc1 24. Rxc1 Qg5 25. h3 Nf4 26. Kh2 f6 27. Nf3 Qd5 28. Rc3 Qd6 29. Qb4 Qb8 30. Kh1 Nd5 31. Qb3 Nxc3 32. Qxc3 Qf4 33. Kg2 f5 34. g5 hxg5 35. Ne5 Qe4+ 36. f3 Qe2+ 37. Kg1 g4 38. Qb3 Rf6 39. hxg4 fxg4 40. f4 Qe1+ 41. Kg2 Qd2+ 0-1

[Event "European Union U14-ch 2024"]
[Site "Roznov pod Radhostem"]
[Date "2024.08.08"]
[Round "4.5"]
[White "Ochkova, Maria"]
[Black "Pritulina, Nadezhda"]
[Result "1-0"]
[ECO "B24"]
[WhiteElo "1553"]
[BlackElo "1589"]
[Annotator "NA RC"]
[PlyCount "65"]
[EventDate "2024.08.02"]
[EventType "swiss"]
[EventCountry "CZE"]
[SourceTitle "playchess.com"]
[Source "ChessBase"]
[SourceQuality "1"]
[TimeControl "5400+30"]

1. e4 c5 2. Nc3 Nc6 3. g3 e6 4. Nge2 Nf6 5. Bg2 Be7 6. d3 d5 7. exd5 exd5 8. d4 cxd4 9. Nxd4 Bc5 10. Be3 Nxd4 11. Bxd4 Qe7+ 12. Ne2 Bxd4 13. Qxd4 Bg4 14. O-O O-O 15. Nf4 Be6 16. Bxd5 Nxd5 17. Nxd5 Qd7 18. Rad1 Rfd8 19. c4 b5 20. b3 bxc4 21. bxc4 Qa4 22. Qh4 f6 23. Rfe1 Bxd5 24. cxd5 Qxa2 25. d6 Qa5 26. Qc4+ Kf8 27. Re7 Qh5 28. Rd5 Qg6 29. Qc7 a5 30. h4 h5 31. Rxh5 Kg8 32. Qc4+ Kf8 33. Rh8# 1-0

[Event "European Union U14-ch 2024"]
[Site "Roznov pod Radhostem"]
[Date "2024.08.08"]
[Round "4.6"]
[White "Myronova, Sofia"]
[Black "Madel, Luca"]
[Result "0-1"]
[ECO "C01"]
[WhiteElo "1463"]
[BlackElo "1628"]
[Annotator "NA RC"]
[PlyCount "80"]
[EventDate "2024.08.02"]
[EventType "swiss"]
[EventCountry "CZE"]
[SourceTitle "playchess.com"]
[Source "ChessBase"]
[SourceQuality "1"]
[TimeControl "5400+30"]

1. e4 e6 2. d4 d5 3. exd5 exd5 4. Nf3 Bd6 5. Bd3 Ne7 6. Nc3 c6 7. Be3 O-O 8. O-O Bf5 9. Re1 Nd7 10. a3 Nb6 11. b3 Qd7 12. Bxf5 Nxf5 13. Qd3 Rfe8 14. Qd2 Nxe3 15. fxe3 f5 16. Qf2 a5 17. Ne2 a4 18. b4 Nc4 19. Nc3 Re7 20. Ng5 Rae8 21. Nd1 f4 22. Qe2 fxe3 23. Qd3 g6 24. Nc3 Qf5 25. Qxf5 gxf5 26. Nxa4 Nxa3 27. Rac1 e2 28. g3 Bxb4 29. c3 Bd6 30. Nf3 f4 31. Kf2 fxg3+ 32. hxg3 Nc4 33. Rb1 b5 34. Nb2 Na3 35. Rbc1 b4 36. Na4 b3 37. Nb2 Nc2 38. Rg1 Ba3 39. Rb1 Re3 40. Ne5 Rf8+ 0-1

[Event "European Union U14-ch 2024"]
[Site "Roznov pod Radhostem"]
[Date "2024.08.08"]
[Round "4.7"]
[White "Barteckova, Nikol"]
[Black "Golub, Mia"]
[Result "1/2-1/2"]
[ECO "B23"]
[WhiteElo "1669"]
[BlackElo "1418"]
[Annotator "NA RC"]
[PlyCount "154"]
[EventDate "2024.08.02"]
[EventType "swiss"]
[EventCountry "CZE"]
[SourceTitle "playchess.com"]
[Source "ChessBase"]
[SourceQuality "1"]
[TimeControl "5400+30"]

1. e4 c5 2. Nc3 d6 3. f4 Nc6 4. g3 Nf6 5. Bg2 Qc7 6. Nf3 e6 7. d3 Be7 8. O-O a6 9. a4 O-O 10. h3 d5 11. g4 d4 12. Ne2 e5 13. f5 Bd7 14. Ng3 b5 15. g5 Ne8 16. h4 Nd6 17. h5 c4 18. Nh4 Qd8 19. Nf3 Qa5 20. b3 cxb3 21. cxb3 Qc3 22. Ba3 f6 23. gxf6 Rxf6 24. axb5 axb5 25. Bb2 Rxa1 26. Bxa1 Qb4 27. Bb2 Be8 28. Bc1 Bf7 29. Bg5 Bxb3 30. Qb1 Rf7 31. Bd2 Qa4 32. Qc1 b4 33. h6 Nb5 34. hxg7 Rxg7 35. Nh5 Rf7 36. Bg5 Nc3 37. Re1 Qb5 38. Bxe7 Nxe7 39. Qg5+ Kf8 40. f6 Ng8 41. Nxe5 Rc7 42. f7 Bxf7 43. Nxf7 Rxf7 44. Qd8+ Qe8 45. Qxd4 Qe7 46. Qb6 Nf6 47. Qb8+ Ne8 48. Ng3 Qc5+ 49. Kh2 Rf6 50. Nf5 Kf7 51. Rf1 Qc7+ 52. Qxc7+ Nxc7 53. Nh6+ Kg6 54. Nf5 Ne6 55. Nh4+ Kf7 56. Nf5 Nc5 57. e5 Rb6 58. Nd6+ Ke6 59. Nc4 Rb8 60. d4 Nd3 61. Rf6+ Ke7 62. Ne3 b3 63. Nd5+ Nxd5 64. Bxd5 b2 65. Ba2 Nc1 66. Bb1 Rf8 67. Rxf8 Kxf8 68. Bxh7 Na2 69. Kg3 Nc3 70. Kf4 b1=Q 71. Bxb1 Nxb1 72. d5 Nc3 73. d6 Ke8 74. e6 Nd5+ 75. Ke5 Ne7 76. Kf6 Ng8+ 77. Kg7 Ne7 1/2-1/2

[Event "European Union U14-ch 2024"]
[Site "Roznov pod Radhostem"]
[Date "2024.08.09"]
[Round "5.1"]
[White "Constantinoiu, Alexandru Ioan"]
[Black "Boros, David"]
[Result "1-0"]
[ECO "B04"]
[WhiteElo "1904"]
[BlackElo "1796"]
[Annotator "NA RC"]
[PlyCount "73"]
[EventDate "2024.08.02"]
[EventType "swiss"]
[EventCountry "CZE"]
[SourceTitle "playchess.com"]
[Source "ChessBase"]
[SourceQuality "1"]
[TimeControl "5400+30"]

1. e4 Nf6 2. e5 Nd5 3. d4 d6 4. Nf3 g6 5. Bc4 c6 6. Bxd5 cxd5 7. Nc3 Bg7 8. O-O Nc6 9. Nxd5 Bg4 10. exd6 Qxd6 11. c4 Nxd4 12. Bf4 e5 13. Qxd4 Bxf3 14. gxf3 O-O 15. Bg3 f5 16. Qd3 g5 17. Rac1 Rad8 18. Rfd1 h5 19. Qb3 h4 20. c5 Qe6 21. Nf6+ Kf7 22. Qxe6+ Kxe6 23. Nh7 hxg3 24. Nxf8+ Rxf8 25. Rd6+ Ke7 26. fxg3 Rc8 27. b4 b6 28. Rdd1 e4 29. fxe4 fxe4 30. cxb6 Rxc1 31. Rxc1 Bd4+ 32. Kg2 Bxb6 33. Re1 e3 34. Kf3 Kd6 35. Rxe3 Bxe3 36. Kxe3 Kc6 37. h4 1-0

[Event "European Union U14-ch 2024"]
[Site "Roznov pod Radhostem"]
[Date "2024.08.09"]
[Round "5.2"]
[White "Belocky, Daniel"]
[Black "Bocquenet-Drouode, Hugo"]
[Result "0-1"]
[ECO "D20"]
[WhiteElo "1731"]
[BlackElo "2025"]
[Annotator "NA RC"]
[PlyCount "105"]
[EventDate "2024.08.02"]
[EventType "swiss"]
[EventCountry "CZE"]
[SourceTitle "playchess.com"]
[Source "ChessBase"]
[SourceQuality "1"]
[TimeControl "5400+30"]

1. d4 d5 2. c4 dxc4 3. e4 e5 4. d5 Nf6 5. Nc3 b5 6. f3 c6 7. dxc6 Qb6 8. Nd5 Nxd5 9. exd5 Bc5 10. Nh3 Bxh3 11. gxh3 Bf2+ 12. Ke2 O-O 13. Bg2 Na6 14. a4 Nb4 15. axb5 Nd3 16. Qa4 Qd4 17. Qc2 Qxd5 18. Ra4 Rad8 19. Rxc4 Bb6 20. c7 Nxc1+ 21. Rxc1 Rc8 22. h4 Qxb5 23. Qd3 e4 24. fxe4 Qxb2+ 25. R1c2 Qe5 26. Qg3 Qb5 27. Qd3 Qh5+ 28. Qf3 Qb5 29. Kd1 Qd7+ 30. Ke1 Rxc7 31. Rxc7 Bxc7 32. Bh3 Qe7 33. Kf1 Bb6 34. Qg4 Qf6+ 35. Kg2 Qd4 36. Re2 a5 37. e5 Qg1+ 38. Kf3 Qh1+ 39. Qg2 Qd1 40. Kg3 Rd8 41. Qf1 Qb3+ 42. Kg2 Qd5+ 43. Qf3 Qd4 44. Re1 Qxh4 45. Re2 Qd4 46. Re1 Qd2+ 47. Re2 Qc1 48. Kg3 Qg5+ 49. Qg4 Qc1 50. Qf3 Qg1+ 51. Bg2 Qd1 52. Qf1 Rd3+ 53. Bf3 0-1

[Event "European Union U14-ch 2024"]
[Site "Roznov pod Radhostem"]
[Date "2024.08.09"]
[Round "5.3"]
[White "Michalska, Lena"]
[Black "Stara, Zuzana"]
[Result "0-1"]
[ECO "A11"]
[WhiteElo "1837"]
[BlackElo "2005"]
[Annotator "NA RC"]
[PlyCount "74"]
[EventDate "2024.08.02"]
[EventType "swiss"]
[EventCountry "CZE"]
[SourceTitle "playchess.com"]
[Source "ChessBase"]
[SourceQuality "1"]
[TimeControl "5400+30"]

1. c4 c6 2. Nf3 d5 3. e3 Bf5 4. d4 e6 5. Bd3 Bg6 6. a3 Nf6 7. Nc3 Bd6 8. c5 Bc7 9. b4 Nbd7 10. Bb2 Qe7 11. Ne2 Bxd3 12. Qxd3 h5 13. Qc2 h4 14. h3 Ne4 15. Nd2 Nxd2 16. Qxd2 Qg5 17. f4 Qxg2 18. O-O-O Nf6 19. Rdg1 Qf3 20. Rf1 Qh5 21. Nc3 Qf5 22. Rfg1 Ne4 23. Nxe4 Qxe4 24. Rh2 g6 25. Qe2 Ke7 26. Bc3 a5 27. Kb2 axb4 28. Bxb4 Bxf4 29. exf4 Qxd4+ 30. Bc3 Qxg1 31. Rg2 Qh1 32. Qg4 Rhb8 33. Qxh4+ Kd7 34. Rxg6 b6 35. Rg7 bxc5+ 36. Kc2 Qb1+ 37. Kd2 Rb2+ 0-1

[Event "European Union U14-ch 2024"]
[Site "Roznov pod Radhostem"]
[Date "2024.08.09"]
[Round "5.4"]
[White "Madel, Luca"]
[Black "Kincses, Emma"]
[Result "0-1"]
[ECO "B23"]
[WhiteElo "1628"]
[BlackElo "1618"]
[Annotator "NA RC"]
[PlyCount "128"]
[EventDate "2024.08.02"]
[EventType "swiss"]
[EventCountry "CZE"]
[SourceTitle "playchess.com"]
[Source "ChessBase"]
[SourceQuality "1"]
[TimeControl "5400+30"]

1. e4 c5 2. Nc3 g6 3. g3 Bg7 4. Bg2 Nc6 5. d3 Nf6 6. Be3 d6 7. h3 O-O 8. Qd2 Rb8 9. a4 Be6 10. Nge2 a6 11. f4 Bd7 12. O-O Nb4 13. g4 Qc8 14. f5 Nc6 15. Bh6 Ne5 16. Bxg7 Kxg7 17. Ng3 b5 18. axb5 axb5 19. g5 Ng8 20. h4 f6 21. Bh3 Qb7 22. Nd5 Bc6 23. Nf4 Bd7 24. fxg6 hxg6 25. Ne6+ Kf7 26. Nf4 Bxh3 27. Nxh3 Qd7 28. Kg2 Kg7 29. Qe2 d5 30. exd5 Qxd5+ 31. Qe4 Qd6 32. h5 f5 33. h6+ Kh7 34. Qe2 Qd5+ 35. Kg1 Qd4+ 36. Kh1 Qxb2 37. Rae1 Nc6 38. Nf4 Qd4 39. Ne6 Qd5+ 40. Qg2 Qxg2+ 41. Kxg2 Rfc8 42. Nxc5 Nb4 43. c3 Rxc5 44. cxb4 Rd5 45. Rf3 Rd4 46. Rb1 Rg4 47. Kf2 Rxg5 48. Rh1 Rg4 49. Nxf5 gxf5 50. Rxf5 Nxh6 51. Rf7+ Kg6 52. Rxe7 Nf5 53. Re4 Rxe4 54. dxe4 Nd6 55. Re1 Rf8+ 56. Kg3 Kg5 57. e5 Nc4 58. e6 Re8 59. e7 Kf6 60. Rf1+ Kxe7 61. Rf5 Rg8+ 62. Kh4 Rh8+ 63. Kg3 Rb8 64. Kf4 Rf8 0-1

[Event "European Union U14-ch 2024"]
[Site "Roznov pod Radhostem"]
[Date "2024.08.09"]
[Round "5.5"]
[White "Golub, Mia"]
[Black "Ochkova, Maria"]
[Result "0-1"]
[ECO "D35"]
[WhiteElo "1418"]
[BlackElo "1553"]
[Annotator "NA RC"]
[PlyCount "54"]
[EventDate "2024.08.02"]
[EventType "swiss"]
[EventCountry "CZE"]
[SourceTitle "playchess.com"]
[Source "ChessBase"]
[SourceQuality "1"]
[TimeControl "5400+30"]

1. d4 Nf6 2. c4 e6 3. Nc3 d5 4. cxd5 exd5 5. Nf3 Be7 6. Bf4 O-O 7. Qc2 Nbd7 8. e3 Re8 9. Bd3 Nf8 10. Ne5 Ne6 11. Ne2 Bb4+ 12. Nc3 c5 13. dxc5 Nxf4 14. exf4 d4 15. Qb3 dxc3 16. Qxb4 Qxd3 17. Qxc3 Qxc3+ 18. bxc3 Nd5 19. Rc1 f6 20. O-O fxe5 21. fxe5 Rxe5 22. Rfd1 Bf5 23. h3 Nf4 24. Kh2 Rxc5 25. Rd2 Rac8 26. g3 Nd3 27. Kg2 Nxc1 0-1

[Event "European Union U14-ch 2024"]
[Site "Roznov pod Radhostem"]
[Date "2024.08.09"]
[Round "5.6"]
[White "Pritulina, Nadezhda"]
[Black "Duchatel, Maxime"]
[Result "0-1"]
[ECO "A00"]
[WhiteElo "1589"]
[BlackElo "1682"]
[Annotator "NA RC"]
[PlyCount "80"]
[EventDate "2024.08.02"]
[EventType "swiss"]
[EventCountry "CZE"]
[SourceTitle "playchess.com"]
[Source "ChessBase"]
[SourceQuality "1"]
[TimeControl "5400+30"]

1. b4 e5 2. Bb2 Bxb4 3. Bxe5 Nf6 4. Nf3 O-O 5. e3 d5 6. Be2 c5 7. c3 Ba5 8. d4 cxd4 9. exd4 Ne4 10. Qc2 Nc6 11. Bf4 Bf5 12. Qb3 Qf6 13. O-O Nxf2 14. Rxf2 Bxb1 15. Bg5 Qg6 16. Rxb1 Bxc3 17. Rd1 Bxd4 18. Nxd4 Nxd4 19. Rxd4 Qxg5 20. Qxd5 Qc1+ 21. Rd1 Qc7 22. Bf3 Rad8 23. Qb3 Rxd1+ 24. Bxd1 Rd8 25. Bf3 b6 26. Bd5 Qc1+ 27. Rf1 Qc5+ 28. Kh1 Qxd5 29. Qa3 Qd3 30. Qc1 h6 31. Qf4 Qg6 32. h3 Rc8 33. Rf3 Qb1+ 34. Kh2 Qxa2 35. Rg3 Qe6 36. Qd4 f6 37. Qh4 Kh7 38. Qh5 f5 39. Rg5 Qe5+ 40. Rg3 Rc3 0-1

[Event "European Union U14-ch 2024"]
[Site "Roznov pod Radhostem"]
[Date "2024.08.09"]
[Round "5.7"]
[White "Bartova, Hana"]
[Black "Myronova, Sofia"]
[Result "1-0"]
[ECO "B30"]
[WhiteElo "1796"]
[BlackElo "1463"]
[Annotator "NA RC"]
[PlyCount "119"]
[EventDate "2024.08.02"]
[EventType "swiss"]
[EventCountry "CZE"]
[SourceTitle "playchess.com"]
[Source "ChessBase"]
[SourceQuality "1"]
[TimeControl "5400+30"]

1. e4 c5 2. Nf3 Nc6 3. Bb5 d6 4. O-O Bd7 5. Re1 g6 6. Nc3 Bg7 7. Bf1 Nf6 8. d3 O-O 9. h3 a6 10. a4 Nd4 11. Nxd4 cxd4 12. Ne2 Qb6 13. Kh1 Rac8 14. b3 Qc5 15. Ra2 Nh5 16. g4 Nf6 17. Bg2 Rc7 18. Ba3 Qa5 19. Bc1 Rcc8 20. Rf1 e5 21. f4 exf4 22. Bxf4 Qc5 23. Bd2 Ne8 24. b4 Qc7 25. Nf4 Be6 26. Nxe6 fxe6 27. Rxf8+ Kxf8 28. Qf3+ Qf7 29. Qxf7+ Kxf7 30. Bf4 e5 31. Bd2 Nf6 32. Kg1 Ke6 33. Kf2 d5 34. g5 Nd7 35. exd5+ Kd6 36. a5 Rf8+ 37. Ke1 Ra8 38. Rb2 b5 39. c3 dxc3 40. Bxc3 Rc8 41. Rc2 Rc7 42. Kd2 Nf8 43. Bb2 Rxc2+ 44. Kxc2 Nd7 45. Kd2 Kc7 46. Ke3 Kd6 47. Ke4 Nf8 48. Bf3 Nd7 49. Bg4 Nb8 50. h4 Bh8 51. h5 gxh5 52. Bxh5 Nd7 53. Bg4 Nf8 54. Bf5 Ng6 55. Bxg6 hxg6 56. d4 exd4 57. Bxd4 Bxd4 58. Kxd4 Kd7 59. Ke5 Ke7 60. d6+ 1-0

[Event "European Union U14-ch 2024"]
[Site "Roznov pod Radhostem"]
[Date "2024.08.10"]
[Round "6.1"]
[White "Stara, Zuzana"]
[Black "Bocquenet-Drouode, Hugo"]
[Result "1/2-1/2"]
[ECO "B26"]
[WhiteElo "2005"]
[BlackElo "2025"]
[Annotator "NA RC"]
[PlyCount "63"]
[EventDate "2024.08.02"]
[EventType "swiss"]
[EventCountry "CZE"]
[SourceTitle "playchess.com"]
[Source "ChessBase"]
[SourceQuality "1"]
[TimeControl "5400+30"]

1. e4 c5 2. Nc3 Nc6 3. g3 d6 4. Bg2 g6 5. d3 Bg7 6. Be3 Rb8 7. Nh3 b5 8. Rb1 b4 9. Ne2 Qa5 10. O-O e6 11. Qd2 Nd4 12. Bxd4 cxd4 13. f4 Ne7 14. Ng5 O-O 15. Nf3 e5 16. a3 Qc5 17. axb4 Rxb4 18. Kh1 Qb6 19. b3 Be6 20. Nh4 f6 21. Ra1 Rb5 22. f5 Bf7 23. fxg6 hxg6 24. Bh3 d5 25. Ra4 Rc5 26. Rfa1 dxe4 27. dxe4 Rc7 28. Ra6 Qc5 29. R1a2 Nc6 30. Nc1 Nb8 31. Nd3 Qe7 32. R6a4 1/2-1/2

[Event "European Union U14-ch 2024"]
[Site "Roznov pod Radhostem"]
[Date "2024.08.10"]
[Round "6.2"]
[White "Constantinoiu, Alexandru Ioan"]
[Black "Michalska, Lena"]
[Result "1/2-1/2"]
[ECO "B27"]
[WhiteElo "1904"]
[BlackElo "1837"]
[Annotator "NA RC"]
[PlyCount "108"]
[EventDate "2024.08.02"]
[EventType "swiss"]
[EventCountry "CZE"]
[SourceTitle "playchess.com"]
[Source "ChessBase"]
[SourceQuality "1"]
[TimeControl "5400+30"]

1. e4 c5 2. Nf3 g6 3. d4 cxd4 4. Nxd4 Bg7 5. Nc3 Nc6 6. Be3 Nf6 7. Nb3 d6 8. f3 Be6 9. Qd2 d5 10. exd5 Nxd5 11. Nxd5 Qxd5 12. Qxd5 Bxd5 13. O-O-O O-O-O 14. c4 Be6 15. Be2 b6 16. a3 Rxd1+ 17. Rxd1 Rd8 18. Rxd8+ Kxd8 19. f4 h5 20. Bd3 f5 21. Kc2 Bf7 22. Nd2 Bh6 23. g3 e5 24. b4 exf4 25. gxf4 Kc7 26. Nf3 Nd8 27. Nd4 Ne6 28. Nxe6+ Bxe6 29. Kc3 Bf8 30. Be2 Bd6 31. c5 bxc5 32. bxc5 Be7 33. Bf3 a5 34. Bd4 Kc8 35. Be2 h4 36. Bc4 Bd7 37. Bd5 Bb5 38. Bf7 g5 39. Be6+ Bd7 40. Bd5 Bb5 41. fxg5 Bxg5 42. c6 Bf4 43. h3 Kc7 44. Be6 Bd6 45. Bxf5 Bxa3 46. Bf6 Bb4+ 47. Kb3 Be1 48. Bd7 a4+ 49. Ka3 Bg3 50. Kb4 Bxc6 51. Bxc6 Kxc6 52. Bxh4 Bxh4 53. Kxa4 Kd5 54. Ka5 Ke5 1/2-1/2

[Event "European Union U14-ch 2024"]
[Site "Roznov pod Radhostem"]
[Date "2024.08.10"]
[Round "6.3"]
[White "Kincses, Emma"]
[Black "Ochkova, Maria"]
[Result "1-0"]
[ECO "A46"]
[WhiteElo "1618"]
[BlackElo "1553"]
[Annotator "NA RC"]
[PlyCount "25"]
[EventDate "2024.08.02"]
[EventType "swiss"]
[EventCountry "CZE"]
[SourceTitle "playchess.com"]
[Source "ChessBase"]
[SourceQuality "1"]
[TimeControl "5400+30"]

1. d4 Nf6 2. Nf3 c6 3. g3 d5 4. Bg2 e6 5. O-O Be7 6. b3 O-O 7. Bb2 b6 8. c4 dxc4 9. bxc4 Bb7 10. Qc2 c5 11. dxc5 Bxc5 12. Ng5 Bxg2 13. Bxf6 1-0

[Event "European Union U14-ch 2024"]
[Site "Roznov pod Radhostem"]
[Date "2024.08.10"]
[Round "6.4"]
[White "Boros, David"]
[Black "Belocky, Daniel"]
[Result "0-1"]
[ECO "B90"]
[WhiteElo "1796"]
[BlackElo "1731"]
[Annotator "NA RC"]
[PlyCount "156"]
[EventDate "2024.08.02"]
[EventType "swiss"]
[EventCountry "CZE"]
[SourceTitle "playchess.com"]
[Source "ChessBase"]
[SourceQuality "1"]
[TimeControl "5400+30"]

1. e4 c5 2. Nf3 d6 3. d4 cxd4 4. Nxd4 Nf6 5. Nc3 a6 6. a4 e6 7. Be3 e5 8. Nb3 Be7 9. Be2 Be6 10. O-O Nbd7 11. f4 Rc8 12. f5 Bc4 13. Bxc4 Rxc4 14. Nd2 Rc6 15. Qe2 g6 16. Nc4 Qc7 17. b3 Nc5 18. Bxc5 Rxc5 19. Rad1 O-O 20. Nd5 Nxd5 21. Rxd5 Rxd5 22. exd5 Qc5+ 23. Qe3 Qxe3+ 24. Nxe3 f6 25. Nc4 Rc8 26. g4 Rc5 27. Rd1 Kg7 28. Kf2 g5 29. Rd2 Kf7 30. Kf3 Ke8 31. Ke4 b5 32. axb5 axb5 33. Ne3 Bd8 34. c4 Bb6 35. Ra2 Rc7 36. Ra8+ Kf7 37. Ra6 Bxe3 38. Kxe3 bxc4 39. bxc4 Rxc4 40. Rxd6 Rxg4 41. Rd7+ Ke8 42. Rxh7 Rd4 43. Rh6 Kf7 44. Rh7+ Kg8 45. Rd7 Rf4 46. Re7 Rd4 47. Re6 Kg7 48. d6 g4 49. Re7+ Kh6 50. Re6 Kg5 51. Re7 Rxd6 52. Rg7+ Kxf5 53. Rh7 Kg6 54. Rh8 f5 55. Rg8+ Kf7 56. Ra8 Rd4 57. Ra6 f4+ 58. Ke2 Re4+ 59. Kf2 Re3 60. Rb6 g3+ 61. hxg3 Rxg3 62. Ra6 e4 63. Ra4 e3+ 64. Ke2 Rg2+ 65. Kf1 Rf2+ 66. Ke1 Kf6 67. Ra5 f3 68. Ra8 Kg5 69. Rg8+ Kf4 70. Rf8+ Kg3 71. Re8 Re2+ 72. Kf1 Rh2 73. Rg8+ Kf4 74. Rf8+ Ke4 75. Re8+ Kd3 76. Rd8+ Kc2 77. Rc8+ Kd1 78. Rd8+ Rd2 0-1

[Event "European Union U14-ch 2024"]
[Site "Roznov pod Radhostem"]
[Date "2024.08.10"]
[Round "6.5"]
[White "Duchatel, Maxime"]
[Black "Bartova, Hana"]
[Result "0-1"]
[ECO "C42"]
[WhiteElo "1682"]
[BlackElo "1796"]
[Annotator "NA RC"]
[PlyCount "122"]
[EventDate "2024.08.02"]
[EventType "swiss"]
[EventCountry "CZE"]
[SourceTitle "playchess.com"]
[Source "ChessBase"]
[SourceQuality "1"]
[TimeControl "5400+30"]

1. e4 e5 2. Nf3 Nf6 3. Nxe5 d6 4. Nf3 Nxe4 5. Nc3 Nxc3 6. dxc3 Be7 7. Be3 Be6 8. Qd2 Qd7 9. Nd4 O-O 10. Bd3 Nc6 11. O-O Bf6 12. Nf3 Ne5 13. Nxe5 Bxe5 14. Bf4 Bf6 15. Be4 Rfe8 16. Qd3 g6 17. h3 Bg7 18. Qf3 d5 19. Bd3 Bf5 20. Bxf5 Qxf5 21. Bxc7 Qxc2 22. Qxd5 Qxb2 23. Rab1 Qxc3 24. Rxb7 Qf6 25. Bg3 Red8 26. Qb3 Qf5 27. Rc1 Bd4 28. Rcc7 Rf8 29. Qf3 Qxf3 30. gxf3 Bb6 31. Rd7 Rad8 32. Re7 Rd1+ 33. Kg2 Bd8 34. Red7 Rxd7 35. Rxd7 Bb6 36. Rb7 Rc8 37. Bb8 Rc2 38. Bxa7 Rxf2+ 39. Kg3 Bxa7 40. Rxa7 Rb2 41. a4 Rb4 42. Kf2 Kf8 43. a5 Ke8 44. a6 Ra4 45. Ra8+ Ke7 46. a7 h5 47. Ke3 Kf6 48. Kf2 Kf5 49. Rb8 Rxa7 50. Rb5+ Kf6 51. Rb6+ Kg7 52. Rb4 Ra3 53. h4 Ra7 54. Rc4 Re7 55. Rd4 Re5 56. f4 Rc5 57. Re4 Kf6 58. Ra4 Kf5 59. Ra7 f6 60. Ra6 Rc4 61. Ke3 Re4+ 0-1

[Event "European Union U14-ch 2024"]
[Site "Roznov pod Radhostem"]
[Date "2024.08.10"]
[Round "6.6"]
[White "Barteckova, Nikol"]
[Black "Madel, Luca"]
[Result "0-1"]
[ECO "C02"]
[WhiteElo "1669"]
[BlackElo "1628"]
[Annotator "NA RC"]
[PlyCount "88"]
[EventDate "2024.08.02"]
[EventType "swiss"]
[EventCountry "CZE"]
[SourceTitle "playchess.com"]
[Source "ChessBase"]
[SourceQuality "1"]
[TimeControl "5400+30"]

1. e4 e6 2. d4 d5 3. e5 c5 4. c3 Qb6 5. Nf3 Nc6 6. Bd3 Bd7 7. O-O cxd4 8. Re1 Nge7 9. h4 h6 10. Nbd2 g6 11. Nb3 dxc3 12. bxc3 Nf5 13. Rb1 Qc7 14. Bb2 Be7 15. g3 b6 16. Nbd4 Nfxd4 17. cxd4 O-O 18. a3 Qb7 19. Nh2 Rac8 20. h5 g5 21. Bc2 Kg7 22. Qd3 Rh8 23. Ng4 Na5 24. Bc1 Qc6 25. Re2 Qc3 26. Qd1 Bxa3 27. Nf6 Be8 28. Bxa3 Qxa3 29. Re3 Rc3 30. Re2 Qe7 31. Qd2 Qc7 32. Kh2 Rf3 33. Rc1 Nc4 34. Qe1 Bb5 35. Bd1 Rd3 36. f4 Qe7 37. fxg5 hxg5 38. Bc2 Rf3 39. Bd1 Rxf6 40. exf6+ Qxf6 41. Qg1 Rxh5+ 42. Kg2 Rh6 43. Bb3 g4 44. Bxc4 Qf3# 0-1